 Dungeon Crawl Stone Soup version 0.14-a0-2888-g61d0ccb (webtiles) character file.

7730 HollowCharge the Slicer (level 10, -1/80 HPs)
             Began as a Vampire Assassin on Mar 1, 2014.
             Was a Follower of Ashenzari.
             Slain by a shark (2 damage)
             ... on Level 1 of the Lair of Beasts.
             The game lasted 01:21:18 (13040 turns).

HollowCharge the Slicer (Vampire Assassin)         Turns: 13040, Time: 01:21:18

HP  -1/80        AC  8     Str 14      XL: 10   Next: 95%
MP  10/10        EV 18     Int 14      God: Ashenzari [*.....]
Gold 215         SH  0     Dex 18      Spells:  0 memorised,  9 levels left

rFire  . . .     SeeInvis +     c - +2 cutlass (curse)
rCold  . . .     Clarity  .     p - +1 leather armour of Listlessness {rElec}
rNeg   . . .     Conserve .     (no shield)
rPois  .         rCorr    +     f - +0 helmet (curse)
rElec  +         rRot     .     d - +1 cloak
SustAb . .       Spirit   .     (no gloves)
rMut   .         Warding  .     v - +0 pair of boots
Saprov . . .     Stasis   .     g - cursed amulet "Maeshreg" {rCorr Str+4 Int+1}
MR     +....                    (no ring)
                                (no ring)

@: regenerating quickly, somewhat resistant to hostile enchantments, extremely
stealthy
A: bottle blood, fangs 3, see invisible, unbreathing
a: Bottle Blood, Renounce Religion


You were on level 1 of the Lair of Beasts.
You worshipped Ashenzari.
Ashenzari was aware of your devotion.
You were full.

You visited 3 branches of the dungeon, and saw 10 of its levels.

You collected 521 gold pieces.
You spent 306 gold pieces at shops.

Inventory:

Hand weapons
 c - a cursed +2,+2 cutlass (weapon)
 m - a +0,+0 scimitar of flaming
Missiles
 n - a throwing net [torn] (quivered)
Armour
 d - a +1 cloak (worn)
 f - a cursed +0 helmet (worn)
 o - a +2 robe of fire resistance
 p - the cursed +1 leather armour of Listlessness (worn) {rElec}
   (You found it on level 4 of the Dungeon)

   It insulates you from electricity.
   It has a curse placed upon it.
 v - a +0 pair of boots (worn)
Magical devices
 e - a wand of digging (10)
 l - a wand of fireball (0)
 q - a wand of frost (0)
 w - a wand of polymorph (0)
 x - a wand of paralysis (0)
Scrolls
 k - 4 scrolls of identify
 r - 3 scrolls of teleportation
 u - 2 scrolls of curse jewellery
Jewellery
 g - the cursed amulet "Maeshreg" (around neck) {rCorr Str+4 Int+1}
   (You acquired it on level 1 of the Lair of Beasts)

   [amulet of resist corrosion]

   It affects your strength (+4).
   It affects your intelligence (+1).
   It has a curse placed upon it.
 i - an uncursed ring of ice
Potions
 a - a potion of invisibility
 b - 2 potions of heal wounds {unknown}
 h - 4 potions of curing
 j - 3 potions of restore abilities


   Skills:
 + Level 7.9 Fighting
 + Level 11.8 Short Blades
 - Level 1.5 Throwing
 + Level 9.4 Dodging
 + Level 9.8 Stealth


You had 9 spell levels left.
You didn't know any spells.

Dungeon Overview and Level Annotations

Branches:
Dungeon (8/16)             Temple (1/1) D:7            Lair (1/8) D:8

Altars:
Ashenzari
Cheibriados
Dithmenos
Elyvilon
Fedhas
Kikubaaqudgha
Makhleb
Nemelex Xobeh
Okawaru
Sif Muna
Trog
Vehumet
Xom
Zin
The Shining One

Shops:
D:5 [   D:6 =*[(=   D:7 *

Annotations:
Lair:1 Nergalle


Innate Abilities, Weirdness & Mutations

Your natural rate of healing is unusually fast.
You can bottle blood from corpses.
You have razor-sharp teeth.*
You have supernaturally acute eyesight.
You can survive without breathing.*


Message History

You are too injured to fight recklessly!
You are too injured to fight recklessly!
You are too injured to fight recklessly!
You are too injured to fight recklessly!
You are too injured to fight recklessly!
You are too injured to fight recklessly!
You hit the shark.
The shark is almost dead.
You hit the shark but do no damage. You bite the shark, but do no damage.
The shark is almost dead.
The shark closely misses you. The shark bites you.
* * * LOW HITPOINT WARNING * * *
You hit the shark but do no damage.
The shark is almost dead.
You hit the shark.
The shark is almost dead.
The shark bites you!
* * * LOW HITPOINT WARNING * * *
The shark bites you.
You die...

..##.# #..≈≈≈ ... ##.
..##.###.≈≈≈≈≈≈≈..... #.
..#.......≈≈≈≈≈≈...... #.
......##...≈≈≈≈≈≈...... ...###.
.....## ..>≈≈≈≈≈≈.............)..
#..#.###....≈≈≈≈≈........ .......
...#......≈≈≈≈;;......... .......
#..#######..≈;≈;............#...#
#..# #≈≈≈..@........# #...# ...#
##≈#........%..####...# #..###
#...........##...... #...)##
#........(..##...... #.....#
#............P...... #....##
#............P....## #....#
#.................# #....#
#...........###...# #....##
##...........%#....#


You could see a shark (frenzied) and 3 big fish.

Vanquished Creatures
  Erica (Lair:1)
  A komodo dragon (Lair:1)
  A two-headed ogre (D:8)
  2 wyverns (D:8)
  A shark (Lair:1)
  A hill giant zombie (D:8)
  3 yaks (Lair:1)
  A deep elf fighter (D:8)
  4 hippogriffs
  3 wolves (Lair:1)
  A black bear (D:8)
  A porcupine (Lair:1)
  A sky beast (D:5)
  4 ice beasts
  2 ogres (D:5)
  A phantom (D:6)
  A human (D:7)
  A centaur (D:5)
  6 giant goldfish
  A crocodile (D:8)
  5 giant frogs
  4 water moccasins
  A wyvern zombie (D:8)
  A giant slug (Lair:1)
  A crimson imp (D:6)
  7 electric eels
  A goliath beetle (D:8)
  2 quasits
  2 gnoll shamans
  2 big fish (D:6)
  3 hounds
  A jelly (D:6)
  2 scorpions
  A giant frog skeleton (D:6)
  8 orc wizards
  Natasha (thrice) (D:4)
  4 iguanas
  2 orc priests
  4 sheep (D:7)
  17 worker ants
  A hound skeleton (D:8)
  8 adders
  12 gnolls
  8 green rats
  A giant mite (D:5)
  An inept feature mimic (D:6)
  8 worms
  An adder skeleton (D:4)
  An iguana zombie (D:8)
  A giant eyeball (D:7)
  6 giant geckos
  4 oozes
  23 orcs
  A bat skeleton (D:6)
  A bat zombie (D:5)
  6 giant cockroaches
  6 goblins
  16 hobgoblins
  13 jackals
  17 kobolds
  25 bats
  A giant gecko skeleton (D:6)
  2 giant newts
  A giant spore (D:6)
  2 hobgoblin zombies
  An orc skeleton (D:7)
  5 quokkas
  23 rats
  4 ballistomycetes (D:8)
307 creatures vanquished.

Vanquished Creatures (others)
  A quokka (Lair:1)
  A giant spore (D:8)
  2 rats (D:8)
  A fungus (D:8)
5 creatures vanquished.

Grand Total: 312 creatures vanquished

Notes
Turn   | Place    | Note
--------------------------------------------------------------
     0 | D:1      | HollowCharge, the Vampire Assassin, began the quest for the Orb.
     0 | D:1      | Reached XP level 1. HP: 16/16 MP: 1/1
    58 | D:1      | Reached XP level 2. HP: 22/22 MP: 2/2
   218 | D:1      | Reached skill level 6 in Stealth
   600 | D:2      | Reached XP level 3. HP: 25/27 MP: 3/3
  1444 | D:2      | Reached XP level 4. HP: 32/34 MP: 4/4
  2299 | D:2      | Reached XP level 5. HP: 36/39 MP: 5/5
  3201 | D:3      | Reached XP level 6. HP: 45/47 MP: 6/6
  3260 | D:4      | Reached skill level 7 in Stealth
  3349 | D:4      | Noticed Natasha
  3360 | D:4      | Killed Natasha
  3702 | D:4      | Reached skill level 5 in Short Blades
  3922 | D:4      | Got a shimmering leather armour
  3923 | D:4      | Identified the +1 leather armour of Listlessness {rElec} (You found it on level 4 of the Dungeon)
  4074 | D:4      | Reached XP level 7. HP: 35/52 MP: 7/7
  4300 | D:4      | Noticed Natasha
  4310 | D:4      | Killed Natasha
  4408 | D:4      | Noticed Natasha
  4428 | D:4      | Killed Natasha
  5191 | D:5      | Entered Level 5 of the Dungeon
  5515 | D:5      | Reached skill level 5 in Dodging
  5525 | D:5      | Found Cefiarea's Antique Armour Shoppe.
  5538 | D:5      | Bought a pair of boots for 130 gold pieces
  5665 | D:5      | Reached XP level 8. HP: 60/60 MP: 8/8
  6575 | D:6      | Found a staircase to the Ecumenical Temple.
  6588 | D:6      | the staircase to the Ecumenical Temple was a mimic.
  6658 | D:6      | Found Dauqakh's Jewellery Emporium.
  6669 | D:6      | Found Reicietz's Weapon Shop.
  6760 | D:6      | Reached skill level 8 in Short Blades
  6827 | D:6      | Reached skill level 5 in Fighting
  7028 | D:6      | Found Atopucs' Armour Shop.
  7037 | D:6      | Found Khaeg's General Store.
  7429 | D:6      | Reached XP level 9. HP: 34/68 MP: 9/9
  7885 | D:6      | Reached skill level 9 in Short Blades
  8283 | D:6      | Found Yvial's Jewellery Boutique.
  8799 | D:7      | Found Brungaomn's Serpentskin Sales.
  8808 | D:7      | Reached skill level 10 in Short Blades
  8998 | D:7      | Found a staircase to the Ecumenical Temple.
  9007 | Temple   | Entered the Ecumenical Temple
  9040 | Temple   | Became a worshipper of Ashenzari the Shackled
  9168 | D:6      | Bought a +2,+2 cutlass for 176 gold pieces
  9517 | D:7      | Paralysed by a giant eyeball for 4 turns
  9720 | D:8      | Noticed Prince Ribbit
  9736 | D:8      | Noticed Prince Ribbit
  9736 | D:8      | Prince Ribbit changed into Prince Ribbit the baby alligator
  9739 | D:8      | Prince Ribbit the baby alligator changed into Prince Ribbit the black bear
  9880 | D:8      | Found a deep blue altar of Sif Muna.
 10123 | D:8      | Reached XP level 10. HP: 65/77 MP: 10/10
 10442 | D:8      | Reached skill level 11 in Short Blades
 10648 | D:8      | Found a staircase to the Lair.
 10665 | Lair:1   | Entered Level 1 of the Lair of Beasts
 10940 | Lair:1   | Noticed Erica
 11345 | Lair:1   | Identified a scroll of acquirement
 11346 | Lair:1   | Got a cursed sparkling golden amulet
 11348 | Lair:1   | Identified the cursed amulet "Maeshreg" {rCorr Str+4 Int+1} (You acquired it on level 1 of the Lair of Beasts)
 12104 | Lair:1   | Killed Erica
 12767 | Lair:1   | Noticed Nergalle
 13040 | Lair:1   | HP: 1/80 [shark (18)]
 13040 | Lair:1   | Slain by a shark

Action                   |  1- 3 |  4- 6 |  7- 9 | 10-12 || total
-------------------------+-------+-------+-------+-------++-------
Melee: Dagger            |   162 |   365 |   769 |       ||  1296
       Cutlass           |       |       |   121 |   466 ||   587
 Fire: Blowgun           |    10 |     5 |    64 |       ||    79
Throw: Throwing net      |       |       |     1 |     1 ||     2
 Abil: Bottle Blood      |       |     1 |     3 |     1 ||     5
Evoke: Wand              |       |       |    14 |    22 ||    36
  Use: Scroll            |     6 |    12 |     6 |     3 ||    27
       Potion            |       |       |     3 |     1 ||     4
 Stab: Sleeping          |     4 |     7 |    19 |     7 ||    37
       Distracted        |       |     1 |     1 |     1 ||     3
       Paralysed         |       |       |     2 |     5 ||     7
       Held in net/web   |       |       |       |     1 ||     1
